 Dungeon Crawl Stone Soup version 0.32-a0-928-g1cae6b7ea0 (webtiles) character file.

Game seed: 1225189897444446115

3310 baller8008 the Thaumaturge (level 9, -4/50 HPs)
             Began as a Deep Elf Conjurer on Apr 12, 2024.
             Was a Follower of Beogh.
             Splashed by a brown ugly thing's acid (11 damage)
             ... on level 8 of the Dungeon.
             The game lasted 00:15:12 (7915 turns).

baller8008 the Thaumaturge (Deep Elf Conjurer)      Turns: 7915, Time: 00:15:12

Health: -4/50      AC:  6    Str: 12    XL:     9   Next: 70%
Magic:  12/26      EV: 11    Int: 32    God:    Beogh [*.....]
Gold:   176        SH:  5    Dex: 13    Spells: 5/30 levels left

rFire   . . .        J - +1 scimitar (vamp)
rCold   . . .        (no shield)
rNeg    . . .        a - +0 robe
rPois   .            B - +1 helmet {SInv}
rElec   .            (no cloak)
rCorr   .            (no gloves)
SInv    +            l - +1 pair of boots
Will    .....        d - amulet of reflection
Stlth   ++           i - +6 ring of intelligence
HPRegen 0.28/turn    y - +6 ring of strength
MPRegen 0.20/turn

%: reflection
@: no status effects
A: no striking features
a: Renounce Religion


You were on level 8 of the Dungeon.
You worshipped Beogh.
Beogh was aware of your devotion.
You visited 1 branch of the dungeon, and saw 8 of its levels.

You collected 436 gold pieces.
You spent 260 gold pieces at shops.

Inventory:

Hand Weapons
 v - a +2 falchion of draining
 J - a +1 vampiric scimitar (weapon)
Armour
 a - a +0 robe (worn)
 e - a +0 helmet
 l - a +1 pair of boots (worn)
 B - a +1 helmet of see invisible (worn)
Jewellery
 d - an amulet of reflection (around neck)
 i - a +6 ring of intelligence (left hand)
 q - a ring of fire
 w - a ring of positive energy
 y - a +6 ring of strength (right hand)
 D - a ring of see invisible
 E - an amulet of the acrobat
 I - an amulet of guardian spirit
Wands
 t - a wand of charming (18)
Scrolls
 c - 4 scrolls of teleportation
 f - a scroll of torment
 g - 3 scrolls of poison
 r - 2 scrolls of identify
 x - a scroll of noise
 A - a scroll of blinking
 C - 4 scrolls of vulnerability
 F - a scroll of revelation
 G - 2 scrolls of fear
 H - a scroll of amnesia
 L - a scroll of enchant armour {unknown}
Potions
 h - 3 potions of might {unknown}
 j - 2 potions of lignification {unknown}
 k - 4 potions of invisibility
 m - 5 potions of heal wounds
 n - a potion of haste {unknown}
 o - a potion of berserk rage {unknown}
 p - a potion of attraction {unknown}
 s - 2 potions of enlightenment {unknown}
 u - 3 potions of brilliance {unknown}
 z - a potion of curing {unknown}
 K - a potion of degeneration {unknown}


   Skills:
 + Level 3.1 Fighting
 + Level 4.1 Long Blades
 - Level 3.0 Dodging
 - Level 3.2 Stealth
 - Level 11.0 Spellcasting
 - Level 7.0 Conjurations
 - Level 4.0 Hexes
 - Level 4.0 Translocations
 - Level 4.0 Earth Magic
 - Level 4.0 Alchemy


You had 5 spell levels left.
You knew the following spells:

 Your Spells              Type           Power      Damage    Failure   Level
a - Magic Dart            Conj           100%       1d8       1%          1
b - Searing Ray           Conj           100%       2d8       1%          2
c - Fulminant Prism       Conj/Alch      25%        3d13      2%          4
d - Iskenderun's Mystic   Conj/Tloc      51%        2d11      (+2d62%     4
e - Petrify               Alch/Erth      43%        N/A       5%          4
f - Irradiate             Conj/Alch      25%        3d20      8%          5
g - Yara's Violent Unrav  Hex/Alch       21%        3d10      14%         5

Your spell library contained the following spells:

 Spells                   Type           Power      Damage    Failure   Level
 Blink                    Tloc           86%        N/A       1%          2
 Jinxbite                 Hex            86%        N/A       1%          2
 Hailstorm                Conj/Ice       40%        3d9       1%          3
 Sigil of Binding         Hex            43%        N/A       1%          3
 Teleport Other           Tloc           43%        N/A       1%          3
 Freeze                   Ice            68%        1d8       2%          1
 Call Imp                 Summ           34%        N/A       4%          2
 Sublimation of Blood     Necr           17%        N/A       4%          2
 Leda's Liquefaction      Alch/Erth      21%        N/A       5%          4
 Frozen Ramparts          Ice            34%        1d6       9%          3
 Lee's Rapid Deconstruct  Erth           21%        3d12*     14%         5
 Metabolic Englaciation   Hex/Ice        15%        N/A       32%         5
 Dispersal                Tloc           21%        N/A       63%         6
 Gell's Gavotte           Tloc           21%        2d(21-31) 63%         6
 Permafrost Eruption      Ice/Erth       15%        2x4d4     88%         6
 Sculpt Simulacrum        Ice/Alch       15%        N/A       88%         6
 Death Channel            Necr           8%         N/A       99%         6
 Enfeeble                 Hex            21%        N/A       99%         7


Dungeon Overview and Level Annotations

Branches:
Dungeon (8/15)             Temple (0/1) D:7
   Lair: D:8-11

Altars:
Hepliaklqana
Ru
Uskayaw
Xom

Shops:
D:1 ?   D:7 [   D:8 =

Annotations:
D:6 1 runed translucent door, sthehill's ghost, novice MiFi


Message History

The purple ugly thing is heavily wounded.
The purple ugly thing is knocked back by the mystic blast.
You feel sick.
The purple ugly thing stops moving altogether!
Unknown command.
Casting: Iskenderun's Mystic Blast (dangerous; 2% risk of failure)
Confirm with . or Enter, or press ? or * to list all spells.
Okay, then.
Unknown command.
Magic courses through your body.
You feel sick.
Casting: Iskenderun's Mystic Blast (dangerous; 2% risk of failure)
Confirm with . or Enter, or press ? or * to list all spells.
Aiming: Yara's Violent Unravelling (quite dangerous; 14% risk of failure)
Press: ? - help, Dir - move target, f/p - purple ugly thing
Aim: a purple ugly thing (heavily wounded, petrified)
The purple ugly thing's magical effects unravel!
The enchantments explode!
The purple ugly thing basks in the mutagenic energy and changes!
The unravelling engulfs the brown ugly thing!
The brown ugly thing is severely wounded.
You feel sick.
You are no longer poisoned.
Unknown command.
Unknown command.
Casting: Yara's Violent Unravelling (quite dangerous; 14% risk of failure)
Confirm with . or Enter, or press ? or * to list all spells.
Aiming: Searing Ray (safe; 1% risk of failure)
Press: ? - help, Shift-Dir - straight line, f/p - brown ugly thing
Aim: a brown ugly thing (severely wounded, 83% to hit)
The searing ray hits the brown ugly thing!
The brown ugly thing is almost dead. (Press . to maintain the ray.) Unknown command.
The searing ray hits the brown ugly thing.
The brown ugly thing is almost dead.
The searing ray misses the brown ugly thing.
The brown ugly thing kicks you.
* * * LOW HITPOINT WARNING * * *
You are splashed with acid!
You die...

...............#.#....
###.#..##.#.#.#.#....
######.#..##.#.#.#.#..##
......................##
###....#...............#
......##...........#....
.............#..#.......
.......†.....##.#.<.#...
#..#...@..........#.#..#
##.#....u.....##..###..#
. #)...!...........#..#
...†......./###.#.#...
..............# #...##..
.........##⌠.⌠# #...##.#
.........# ...###.......
.######### .⌠##........
#......#.


You could see a brown ugly thing.

Vanquished Creatures
  Maurice (D:7)
  Menkaure (D:5)
  2 water moccasins
  2 ice beasts
  6 ogres
  2 black bears
  2 centaurs
  2 bullfrogs (D:7)
  3 scorpions
  5 wights (D:8)
  6 killer bees (D:6)
  3 howler monkeys (D:8)
  2 jellies
  A bombardier beetle (D:3)
  A gnoll bouda (D:5)
  A hound (D:5)
  2 orc priests (D:6)
  An iguana (D:3)
  3 orc wizards
  10 gnolls
  9 adders
  2 white imps
  6 ufetubi
  5 dart slugs
  12 orcs
  4 bats
  7 endoplasms
  A giant cockroach (D:1)
  4 goblins
  10 hobgoblins
  3 jackals (D:3)
  4 kobolds
  8 quokkas
  7 ball pythons
  A frilled lizard (D:2)
  8 rats
147 creatures vanquished.

Vanquished Creatures (others)
  3 orcs (D:5)
  9 fulminant prisms
12 creatures vanquished.

Grand Total: 159 creatures vanquished

Notes
Turn   | Place    | Note
-------+----------+-------------------------------------------
     0 | D:1      | baller8008 the Deep Elf Conjurer began the quest for the
                  | Orb.
     0 | D:1      | Reached XP level 1. HP: 10/10 MP: 6/6
   232 | D:1      | Reached XP level 2. HP: 15/15 MP: 0/8
   689 | D:1      | Found Uklam's Magic Scroll Emporium.
   693 | D:1      | Bought a scroll of identify for 28 gold pieces
   907 | D:1      | Reached XP level 3. HP: 19/19 MP: 6/9
  1204 | D:1      | Learned a level 2 spell: Searing Ray
  1285 | D:1      | You fall into a shaft and drop 1 floor!
  1573 | D:2      | Reached skill level 4 in Spellcasting
  1573 | D:2      | Reached skill level 5 in Conjurations
  1584 | D:2      | Reached XP level 4. HP: 24/24 MP: 1/12
  1597 | D:2      | Learned a level 4 spell: Fulminant Prism
  1602 | D:2      | Learned a level 4 spell: Iskenderun's Mystic Blast
  2542 | D:3      | Reached skill level 1 in Translocations
  2542 | D:3      | Reached skill level 1 in Alchemy
  2617 | D:3      | Identified the +0 ring mail of Vehumet's Whim {rPois}
  2640 | D:3      | Reached skill level 5 in Spellcasting
  2640 | D:3      | Reached XP level 5. HP: 27/28 MP: 0/14
  3496 | D:3      | Found a hide-covered altar of Uskayaw.
  3693 | D:4      | Noticed an ogre
  3698 | D:4      | Killed an ogre
  3699 | D:4      | Reached XP level 6. HP: 32/32 MP: 8/16
  3711 | D:4      | Reached skill level 6 in Spellcasting
  3716 | D:4      | Learned a level 4 spell: Petrify
  3875 | D:4      | Reached XP level 7. HP: 27/36 MP: 8/19
  4482 | D:5      | Entered Level 5 of the Dungeon
  4490 | D:5      | Reached skill level 7 in Spellcasting
  4542 | D:5      | Reached skill level 1 in Earth Magic
  4545 | D:5      | Noticed Menkaure
  4664 | D:5      | Killed Menkaure
  5182 | D:5      | Reached skill level 8 in Spellcasting
  5182 | D:5      | Reached skill level 1 in Long Blades
  5182 | D:5      | Reached XP level 8. HP: 29/41 MP: 13/22
  5199 | D:5      | Became a worshipper of Beogh the Shepherd
  5636 | D:5      | Learned a level 5 spell: Irradiate
  5686 | D:6      | Reached skill level 1 in Fighting
  6012 | D:6      | Reached * piety under Beogh
  6333 | D:6      | Noticed sthehill's ghost (novice MiFi)
  6333 | D:6      | Noticed a deep elf pyromancer
  6334 | D:6      | Found a runed translucent door.
  6381 | D:6      | Found a sacrificial altar of Ru.
  6551 | D:7      | Noticed Maurice
  6570 | D:7      | Maurice stole an amulet of guardian spirit
  6571 | D:7      | Maurice stole 256 gold
  6575 | D:7      | Maurice stole 23 gold
  6578 | D:7      | HP: 2/46 [black bear (4)]
  6582 | D:7      | Killed Maurice
  6583 | D:7      | Reached skill level 9 in Spellcasting
  6583 | D:7      | Reached XP level 9. HP: 20/50 MP: 11/24
  6760 | D:7      | Found a staircase to the Ecumenical Temple.
  6807 | D:7      | Found a hazy altar of Hepliaklqana.
  6909 | D:7      | Reached skill level 10 in Spellcasting
  7056 | D:7      | Learned a level 5 spell: Yara's Violent Unravelling
  7077 | D:7      | Found a shimmering altar of Xom.
  7196 | D:7      | Found Gulusa's Antique Armour Boutique.
  7204 | D:7      | Bought a shiny helmet for 232 gold pieces
  7628 | D:8      | Reached skill level 11 in Spellcasting
  7628 | D:8      | Reached skill level 1 in Hexes
  7724 | D:8      | Found Ylawuken's Jewellery Shoppe.
  7905 | D:8      | Noticed a purple ugly thing
  7915 | D:8      | Splashed by a brown ugly thing's acid

Illustrated notes

Levels and vault maps discovered:
D:1:      dpeg_arrival_prison, layout_loops_corners, serial_shops, shop
D:2:      layout_loops_corners, nicolae_grassy_gnolls
D:3:      layout_basic, mainiacjoe_overflow_alcove_4
D:4:      layout_basic
D:5:      layout_loops_ring, uniq_menkaure
D:6:      layout_rooms, nicolae_ru_sacrificial_ziggurat,
          ebering_ghost_inner_flame
D:7:      layout_rooms, nicolae_hepliaklqana_hazy_memory, lemuel_round_altar,
          minmay_temple_entry_hall, serial_shops, shop_statue, uniq_maurice
D:8:      layout_basic, serial_shops, nicolae_shop_tiny_glass, grunt_livestock,
          small_chamber_with_monster

Skill      XL: |  1  2  3  4  5  6  7  8  9 |
---------------+----------------------------+-----
Stealth        | 3 |  3.2
Dodging        | 3 |  3.0
Spellcasting   | 4 5 6 8 9 11 | 11.0
Conjurations   | 5 6 7 |  7.0
Translocations | 1 2 3 4 |  4.0
Alchemy        | 1 2 3 4 |  4.0
Earth Magic    | 3 4 |  4.0
Long Blades    | 1 4 |  4.1
Fighting       | 3 |  3.1
Hexes          | 4 |  4.0

Action                     |  1- 3 |  4- 6 |  7- 9 || total
---------------------------+-------+-------+-------++-------
  Melee: Unarmed           |       |     7 |       ||     7
         Falchion          |       |       |    31 ||    31
         Scimitar          |       |       |    13 ||    13
   Cast: Magic Dart        |    66 |    69 |   140 ||   275
         Searing Ray       |     2 |     9 |    26 ||    37
         Fulminant Prism   |       |     2 |     7 ||     9
         Iskenderun's Myst |       |       |     5 ||     5
         Petrify           |       |       |     3 ||     3
         Irradiate         |       |       |     2 ||     2
         Yara's Violent Un |       |       |     1 ||     1
 Invoke: Convert to Beogh  |       |       |     1 ||     1
    Use: Scroll            |     2 |       |    12 ||    14
         Potion            |       |       |     2 ||     2
 Armour: Robe              |     3 |    22 |    98 ||   123
  Dodge: Dodged            |     5 |    17 |    67 ||    89
  Block: Other             |       |     2 |    19 ||    21
         Reflection        |       |     1 |     1 ||     2

Table legend: (Time is in decaauts)
 A = Elapsed time spent in this place.
 B = Non-inter-level travel time spent in this place.
 C = Inter-level travel time spent in this place.
 D = Time resting spent in this place.
 E = Time spent auto-exploring this place.
 F = Levels seen in this place.
 G = Mean time per level.
                   A        B        C        D        E       F      G
               +--------+--------+--------+--------+--------+-----+--------+
         Total |   7921 |   7702 |    219 |      0 |   6761 |   8 |  990.1 |
       Dungeon |   7921 |   7702 |    219 |      0 |   6761 |   8 |  990.1 |
               +--------+--------+--------+--------+--------+-----+--------+

Top non-repeatable levels by time:
     D:1: 1352 daAuts
     D:2: 1159 daAuts
     D:4: 1101 daAuts
     D:3: 1071 daAuts
     D:5: 994 daAuts
     D:6: 860 daAuts
     D:7: 795 daAuts
     D:8: 584 daAuts
